Map: 中心协议

Players

shengy - Winner!

  • Race: Zerg Zerg
  • League: Gold

PsiMatrix

  • Race: Protoss Protoss
  • League: Platinum

VOD

Have the link to the VOD?

Description

Time

  • Played on: Dec. 11, 2015, 11:17 p.m.
  • Length: 10:50
Show
View Real Time Build Order
Export as new Build Order

shengy Zerg - Winner!

Build Orders: Hatch First 

Get SALT Encoding   

  12  0:01  Drone  
  13  0:08  Drone  
  14  0:17  Overlord  
  14  0:38  Drone x3  
  17  0:52  Drone  
  18  1:00  Drone  
  19  1:06  Hatchery  
  18  1:15  Spawning Pool  
  17  1:20  Drone  
  17  1:23  Drone  
  19  1:32  Drone  
  20  1:54  Overlord  
  20  2:08  Overlord  
  20  2:18  Queen  
  20  2:19  Zergling x4  
  24  2:22  Hatchery  
  24  2:24  Drone  
  24  2:28  Drone  
  26  2:30  Drone  
  26  2:31  Queen  
  28  2:42  Drone x2  
  30  2:54  Drone x2  
  32  3:03  Overlord  
  32  3:05  Drone  
  33  3:09  Queen  
  35  3:13  Drone  
  35  3:14  Drone  
  36  3:25  Extractor  
  36  3:26  Extractor  
  34  3:27  Roach Warren  
  33  3:39  Drone x2  
  35  3:41  Queen  
  35  3:43  Drone x3  
  35  3:45  Drone x3  
  43  4:03  Drone x3  
  43  4:04  Drone x6  
  51  4:20  Lair  
  51  4:23  Queen  
  53  4:24  Hatchery  
  53  4:25  Extractor  
  53  4:26  Drone  
  53  4:27  Extractor  
  53  4:28  Roach  
  53  4:31  Roach  
  53  4:34  Roach, Overlord  
  53  4:35  Zergling x2  
  50  5:14  Drone x3  
  50  5:15  Drone x8  
  50  5:16  Drone x4  
  50  5:17  Glial Reconstitution  
  65  5:25  Overlord  
  65  5:38  Overlord x5  
  65  5:47  Roach x4  
  73  5:54  Overlord  
  71  6:00  Ravager x2  
  73  6:18  Roach x7  
  83  6:19  Roach x5  
  92  6:33  Overseer  
  92  6:35  Hatchery  
  89  6:48  Ravager  
  89  6:49  Ravager x3  
  89  6:51  Zergling x12  
  89  6:52  Metabolic Boost  
  99  6:59  Roach x3  
  105  7:26  Hatchery  
  104  7:34  Overlord x2  
  104  7:35  Overlord x2  
  104  7:52  Roach x2  
  104  7:53  Roach x3  
  104  7:56  Extractor  
  104  7:58  Hatchery  
  112  8:00  Extractor  
  94  8:20  Hatchery  
  94  8:24  Extractor  
  83  8:27  Extractor  
  83  8:28  Roach x2  
  83  8:29  Roach x5  
  83  8:30  Roach x2  
  100  8:38  Infestation Pit  
  100  8:39  Evolution Chamber  
  98  8:42  Evolution Chamber  
  65  9:21  Queen  
  65  9:23  Drone x4  
  65  9:24  Drone  
  72  9:32  Hive  
  72  9:36  Roach  
  72  9:37  Roach x8  
  72  9:38  Roach x4  
  98  9:42  Ravager  
  98  9:44  Ravager  
  98  9:45  Ravager  
  101  9:46  Ravager  
  101  9:47  Ravager  
  101  9:51  Zergling x2  
  104  10:01  Drone x2  
  104  10:05  Overlord  
  110  10:07  Roach x6  
  110  10:08  Roach  
Show
View Real Time Build Order
Export as new Build Order

PsiMatrix Protoss 

Build Orders:  

Get SALT Encoding   

  12  0:02  Probe (Chrono Boost)  
  13  0:18  Pylon  
  13  0:21  Probe (Chrono Boost)  
  14  0:31  Probe (Chrono Boost)  
  15  0:38  Gateway  
  16  0:43  Probe (Chrono Boost)  
  16  0:56  Gateway  
  16  1:02  Probe (Chrono Boost)  
  17  1:09  Assimilator  
  17  1:12  Probe (Chrono Boost)  
  18  1:25  Cybernetics Core  
  18  1:30  Pylon  
  18  1:32  Probe (Chrono Boost)  
  19  1:42  Probe (Chrono Boost)  
  20  1:53  Probe (Chrono Boost)  
  21  2:02  Adept  
  21  2:03  Probe (Chrono Boost)  
  21  2:04  Adept  
  26  2:14  Probe (Chrono Boost)  
  27  2:25  Warp Gate (Chrono Boost)  
  27  2:26  Probe  
  28  2:33  Nexus  
  28  2:45  Probe  
  28  2:49  Assimilator  
  29  2:59  Probe  
  29  3:02  Pylon  
  29  3:04  Adept  
  31  3:18  Pylon  
  31  3:20  Probe, Adept  
  34  3:30  Robotics Facility  
  34  3:32  Probe  
  35  3:44  Probe  
  35  3:46  Gateway  
  36  3:49  Gateway  
  36  3:54  Gateway  
  36  3:57  Probe  
  37  4:10  Probe  
  37  4:12  Probe  
  37  4:17  Warp Prism  
  39  4:23  Adept  
  43  4:24  Adept  
  43  4:26  Probe  
  43  4:27  Probe  
  45  5:03  Probe  
  45  5:04  Probe  
  47  5:07  Stalker x2  
  47  5:13  Probe  
  47  5:16  Probe  
  47  5:20  Stalker x3  
  53  5:24  Probe  
  54  5:29  Probe  
  54  5:30  Gateway  
  54  5:32  Gateway  
  54  5:35  Pylon, Stalker x2  
  59  5:55  Probe  
  59  5:56  Probe  
  61  6:06  Pylon  
  61  6:15  Stalker x4  
  69  6:27  Stalker  
  71  6:33  Probe, Assimilator  
  71  6:34  Probe  
  71  6:38  Twilight Council  
  73  6:54  Stalker x2  
  77  7:01  Assimilator  
  77  7:03  Pylon  
  77  7:05  Pylon  
  77  7:07  Pylon  
  77  7:20  Forge  
  77  7:21  Stalker x3  
  77  7:22  Stalker x2  
  85  7:23  Templar Archives  
  83  7:37  Zealot x3  
  89  7:47  Immortal  
  93  7:54  Forge  
  93  8:01  Stalker  
  93  8:02  Stalker x2  
  93  8:03  Stalker x2  
  93  8:04  Stalker  
  69  8:34  Stalker x5  
  71  8:35  Stalker x2  
  71  8:54  Protoss Ground Weapons Level 1 (Chrono Boost), Protoss Ground Armor Level 1 (Chrono Boost)  
  49  9:17  Nexus  
  49  9:21  Immortal  
  49  9:22  Stalker x3  
  49  9:23  Stalker x2  
  63  9:26  Stalker  
  65  9:35  Pylon  
  65  9:52  Stalker x3  
  71  9:56  Probe x2  
  73  10:08  Immortal  
  73  10:13  High Templar  
  79  10:15  High Templar  
  64  10:32  Archon  
  64  10:33  Stalker x3  
  64  10:35  Zealot  
Tags
 
Add a new tag
Caveats
  • Supply blocks, unpowered buildings, or Contaminate may cause inaccurate times.
  • Supply counts are checked every 10 seconds.